 Dungeon Crawl Stone Soup version 0.27-a0-797-g27d10ad80f (webtiles) character file.

Game seed: 6288116717580605112

37 polve the Slasher (level 3, -4/29 HPs)
             Began as a Demonspawn Abyssal Knight on Mar 27, 2021.
             Was a Follower of Lugonu.
             Slain by a black bear (5 damage)
             ... on level 2 of the Dungeon.
             The game lasted 00:00:39 (1388 turns).

polve the Slasher (Demonspawn Abyssal Knight)       Turns: 1388, Time: 00:00:40

Health: -4/29      AC:  3    Str: 12    XL:     3   Next: 21%
Magic:  4/4        EV: 11    Int: 14    God:    Lugonu [*.....]
Gold:   64         SH:  0    Dex: 12    Spells: 2/2 levels left

rFire    . . .     SeeInvis .   a - +1 falchion
rCold    . . .     Faith    .   (no shield)
rNeg     . . .     Spirit   .   b - +0 leather armour
rPois    .         Reflect  .   (no helmet)
rElec    .         Harm     .   (no cloak)
rCorr    .         Rampage  .   (no gloves)
Will     .....                  (no boots)
Stlth    +.........             (no amulet)
HPRegen  0.09/turn              (no ring)
MPRegen  0.09/turn              (no ring)

@: no status effects
A: hooves 1, powered by death 1
a: Renounce Religion, Depart the Abyss


You were on level 2 of the Dungeon.
You worshipped Lugonu.
Lugonu was aware of your devotion.
You visited 1 branch of the dungeon, and saw 2 of its levels.
You visited the Abyss 1 time.

You collected 64 gold pieces.

Inventory:

Hand Weapons
 a - a +1 falchion (weapon)
 e - a +3 whip
Armour
 b - a +0 leather armour (worn)
Scrolls
 f - a scroll of fog {unknown}
Potions
 c - a potion of brilliance {unknown}
 d - a potion of degeneration {unknown}


   Skills:
 - Level 3.0 Fighting
 + Level 3.3 Long Blades
 - Level 1.7 Armour
 - Level 0.8 Dodging
 - Level 2.4 Invocations


You had 2 spell levels left.
You didn't know any spells.
Your spell library was empty.

Dungeon Overview and Level Annotations

Branches:
Dungeon (2/15)

Altars:
The Shining One


Innate Abilities, Weirdness & Mutations

You have large cloven feet.
You regenerate a little health from kills.


Message History

You are too injured to fight recklessly!
You are too injured to fight recklessly!
You are too injured to fight recklessly!
You are too injured to fight recklessly!
You are too injured to fight recklessly!
You are too injured to fight recklessly!
You are too injured to fight recklessly!
You are too injured to fight recklessly!
You are too injured to fight recklessly!
You are too injured to fight recklessly!
You are too injured to fight recklessly!
You hit the black bear.
You kick the black bear, but do no damage.
The black bear is moderately wounded.
The black bear misses you. The black bear closely misses you.
The black bear claws you.
You hit the black bear. Your kick misses the black bear.
The black bear is moderately wounded.
The black bear barely misses you. x2
The black bear claws you but does no damage.
You hit the black bear.
The black bear is heavily wounded.
The black bear barely misses you.
The black bear claws you but does no damage.
The black bear claws you. The black bear bites you! The black bear claws you.
* * * LOW HITPOINT WARNING * * *
The black bear claws you but does no damage.
You hit the black bear.
The black bear is severely wounded.
The black bear barely misses you.
You riposte.
You hit the black bear.
The black bear is severely wounded.
The black bear claws you.
* * * LOW HITPOINT WARNING * * *
The black bear claws you.
* * * LOW HITPOINT WARNING * * *
You barely miss the black bear.
The black bear is severely wounded.
The black bear bites you but does no damage.
The black bear claws you.
You die...

##.......# .........#
.......... ....$....#
.........# ###
.........# #..
.......rS# #... #.>
.......Kh###.#...#
#..
.......##@...#...#
#.. .......
#.####...# ###
....... #.# #...# #..
....... #.# #...##
####
#########.####....##
..#
#.............#####.#
#...................#
#.........#####.##...
#.........# ...##...


You could see a black bear, a ball python, a kobold and a rat.

Vanquished Creatures
  3 ball pythons (D:1)
  5 bats
  2 endoplasms (D:1)
  2 goblins
  6 hobgoblins
  5 jackals (D:1)
  2 quokkas (D:1)
  A frilled lizard (D:1)
  4 rats
30 creatures vanquished.

Notes
Turn   | Place    | Note
-------+----------+-------------------------------------------
     0 | Abyss:1  | polve the Demonspawn Abyssal Knight began the quest for the
                  | Orb.
     0 | Abyss:1  | Reached XP level 1. HP: 18/18 MP: 2/2
    51 | Abyss:1  | Noticed a large abomination
    52 | D:1      | Escaped the Abyss
   136 | D:1      | Reached * piety under Lugonu
   522 | D:1      | Gained mutation: You have large cloven feet. [demonic
                  | ancestry]
   522 | D:1      | Reached XP level 2. HP: 24/24 MP: 3/3
  1108 | D:1      | Gained mutation: You regenerate a little health from kills.
                  | [demonic ancestry]
  1108 | D:1      | Reached XP level 3. HP: 22/29 MP: 4/4
  1377 | D:2      | Noticed a black bear
  1387 | D:2      | HP: 1/29 [black bear (4)]
  1388 | D:2      | Slain by a black bear

Illustrated notes

Levels and vault maps discovered:
D:1:      shiori_shiawase, layout_rooms, tso_metal_star
D:2:      layout_basic, pdpol_temple_overflow_zin_treasury_gozag_greed,
          marbit_many_paths

Skill      XL: |  1  2 |
---------------+-------+-----
Long Blades    | 2 3 |  3.3
Fighting       | |  3.0
Armour         | |  1.7
Dodging        | |  0.8
Invocations    | |  2.4

Action                   || total
-------------------------++-------
Melee: Falchion          ||    44
       Whip              ||    22
       Kick              ||    10
Invok: Depart the Abyss  ||     1
Armor: Leather armour    ||    21
Dodge: Dodged            ||    70
       Rpst.: Falchion   ||    15

Table legend: (Time is in decaauts)
 A = Elapsed time spent in this place.
 B = Non-inter-level travel time spent in this place.
 C = Inter-level travel time spent in this place.
 D = Time resting spent in this place.
 E = Time spent auto-exploring this place.
 F = Levels seen in this place.
 G = Mean time per level.
                   A        B        C        D        E       F      G
               +--------+--------+--------+--------+--------+-----+--------+
         Total |   1397 |   1393 |      4 |      0 |   1232 |   3 |  465.7 |
       Dungeon |   1345 |   1341 |      4 |      0 |   1181 |   2 |  672.5 |
         Abyss |     52 |     52 |      0 |      0 |     51 |   1 |   52.0 |
               +--------+--------+--------+--------+--------+-----+--------+

Top non-repeatable levels by time:
     D:1: 1209 daAuts
     D:2: 135 daAuts
 Abyss:1: 52 daAuts
